 Dungeon Crawl Stone Soup version 0.25-a0-1133-g93ebf739aa (webtiles) character file.

Game seed: 6988033227657143377, levelgen mode: deterministic

231 vurker the Chucker (level 6, 0/65 HPs)
             Began as an Ogre Hunter on May 21, 2020.
             Slain by an orc wizard
             ... wielding a +1 dagger of speed
              (3 damage)
             ... on level 3 of the Dungeon.
             The game lasted 00:06:07 (3365 turns).

vurker the Chucker (Ogre Hunter)                    Turns: 3365, Time: 00:06:08

Health: 0/65       AC:  3    Str: 19    XL:     6   Next: 4%
Magic:  6/6        EV: 10    Int: 12    God:
Gold:   168        SH:  0    Dex:  9    Spells: 5/5 levels left

rFire    . . .     SeeInvis .   a - +0 whip
rCold    . . .     Gourm    .   (no shield)
rNeg     . . .     Faith    .   b - +0 robe
rPois    .         Spirit   .   (helmet restricted)
rElec    .         Reflect  .   (no cloak)
rCorr    .         Harm     .   (gloves unavailable)
MR       .....                  (boots unavailable)
Stlth    +.........             (no amulet)
HPRegen  0.20/turn              (no ring)
MPRegen  0.10/turn              (no ring)

@: no status effects
A: large, unfitting armour, tough skin 1
a: no special abilities


You were on level 3 of the Dungeon.
You were not hungry.

You visited 1 branch of the dungeon, and saw 3 of its levels.

You collected 168 gold pieces.

Inventory:

Hand Weapons
 a - a +0 whip (weapon)
   (You took it off a kobold on level 2 of the Dungeon)
Missiles
 c - 2 large rocks (quivered)
 i - 8 poisoned darts
 r - a boomerang
Armour
 b - a +0 robe (worn)
 m - a +0 cloak
   (You found it on level 2 of the Dungeon)
Scrolls
 f - 2 scrolls of remove curse {unknown}
 j - 6 scrolls of identify {unknown}
 l - a scroll of blinking {unknown}
 n - a scroll of teleportation {unknown}
 o - a scroll of noise {unknown}
 s - a scroll of enchant armour {unknown}
 u - a scroll of random uselessness {unknown}
Potions
 g - 2 potions of lignification {unknown}
 h - 2 potions of brilliance {unknown}
 k - 2 potions of mutation {unknown}
 p - a potion of ambrosia {unknown}
 t - a potion of might {unknown}
Comestibles
 e - 8 rations
 q - 7 chunks of flesh


   Skills:
 + Level 4.8 Fighting
 * Level 3.2 Maces & Flails
 + Level 5.0 Throwing
 - Level 1.7 Dodging
 - Level 0.6 Stealth


You had 5 spell levels left.
You didn't know any spells.
Your spell library was empty.

Dungeon Overview and Level Annotations

Branches:
Dungeon (3/15)

Altars:
Zin

Shops:
D:2 *


Innate Abilities, Weirdness & Mutations

You are too large for most types of armour.
You have tough skin. (AC +1)


Message History

Increase (S)trength, (I)ntelligence, or (D)exterity?
You feel stronger. x2
Something hits you.
* * * LOW HITPOINT WARNING * * *
You hear some strange, mumbled words.
A magic dart appears from out of thin air!
The magic dart hits you!
* * * LOW HITPOINT WARNING * * *
Quiver which item? (- for none, * to show all) (? for menu, Esc to quit)
Quivering
d - 2 throwing nets for throwing.
Throwing (i - inventory. (/) - cycle)
d - 2 throwing nets (quivered)
You throw a throwing net. Something hits you.
* * * LOW HITPOINT WARNING * * *
Throwing (i - inventory. (/) - cycle)
d - a throwing net (quivered)
Really target yourself?
Okay, then.
Throwing (i - inventory. (/) - cycle)
d - a throwing net (quivered)
You throw a throwing net. Something hits you.
* * * LOW HITPOINT WARNING * * *
You closely miss something.
An orc wizard appears from thin air!
Reactivating autopickup.
The orc wizard hits you with a +1 dagger of speed.
* * * LOW HITPOINT WARNING * * *
You closely miss the orc wizard.
The orc wizard hits you with a +1 dagger of speed.
* * * LOW HITPOINT WARNING * * *
Quiver which item? (- for none, * to show all) (? for menu, Esc to quit)
Quivering
c - 4 large rocks for throwing.
Throwing (i - inventory. (/) - cycle)
c - 4 large rocks (quivered)
Aim: an orc wizard, wielding a +1 dagger of speed and wearing a +0 robe (severely wounded)
You throw a large rock.
The large rock barely misses the orc wizard.
The orc wizard hits you with a +1 dagger of speed.
* * * LOW HITPOINT WARNING * * *
The orc wizard hits you with a +1 dagger of speed.
* * * LOW HITPOINT WARNING * * *
The orc wizard hits you but does no damage.
Throwing (i - inventory. (/) - cycle)
c - 3 large rocks (quivered)
Aim: an orc wizard, wielding a +1 dagger of speed and wearing a +0 robe (severely wounded)
You throw a large rock.
The large rock barely misses the orc wizard.
The orc wizard points at you and mumbles some strange words.
You resist with some effort.
Unknown command.
You hit the orc wizard but do no damage.
The orc wizard misses you.
The orc wizard hits you with a +1 dagger of speed.
You die...

#.# ## #.#
...###############.#
..oo).†....{....(#.#
...#############.#.#
.. #)#.# . #(#.#
#o#.# #@#.# #.#.#
#.#.# #.#.# #.#.#
#.#.# #[#.# #.#.#
#.#.#


You could see an orc wizard.

Vanquished Creatures
  2 orc priests (D:3)
  Jessica (D:2)
  5 adders
  4 worms
  A dart slug (D:2)
  2 leopard geckos
  7 orcs
  A ball python (D:1)
  7 giant cockroaches
  9 goblins
  8 hobgoblins
  3 quokkas
  8 bats
  4 frilled lizards
  11 kobolds
  7 rats
80 creatures vanquished.

Notes
Turn   | Place    | Note
-------+----------+-------------------------------------------
     0 | D:1      | vurker the Ogre Hunter began the quest for the Orb.
     0 | D:1      | Reached XP level 1. HP: 22/22 MP: 1/1
   215 | D:1      | Reached XP level 2. HP: 29/31 MP: 2/2
   613 | D:1      | Reached XP level 3. HP: 31/37 MP: 3/3
   915 | D:2      | Reached skill level 1 in Maces & Flails
  1225 | D:2      | Found Zin's Purification Station.
  1227 | D:2      | Found a glowing silver altar of Zin.
  1474 | D:2      | Reached XP level 4. HP: 48/48 MP: 4/4
  1691 | D:2      | Noticed Jessica
  1710 | D:2      | Killed Jessica
  1888 | D:2      | Reached XP level 5. HP: 32/54 MP: 5/5
  2610 | D:2      | HP: 1/55 [orc/+0 short sword (5)]
  3358 | D:3      | Reached skill level 5 in Throwing
  3358 | D:3      | Reached XP level 6. HP: 26/65 MP: 6/6
  3363 | D:3      | HP: 3/65 [orc wizard/+1 dagger of speed (2)]
  3365 | D:3      | Slain by an orc wizard

Illustrated notes

Levels and vault maps discovered:
D:1:      arrival_zaba_pyramid, layout_rooms
D:2:      layout_basic, zin_purify, first_ration, kennysheep_decorative_pillar,
          uniq_jessica
D:3:      layout_basic, kennysheep_generic_room_13

Skill      XL: |  1  2  3  4  5 |
---------------+----------------+-----
Fighting       | 3 4 |  4.8
Maces & Flails | 1 2 3 |  3.2
Throwing       | 5 |  5.0
Dodging        | |  1.7
Stealth        | |  0.6

Action                   |  1- 3 |  4- 6 || total
-------------------------+-------+-------++-------
Melee: Short sword       |   120 |    18 ||   138
       Whip              |       |   133 ||   133
Throw: Dart              |    31 |    10 ||    41
       Boomerang         |       |    39 ||    39
       Large rock        |       |     7 ||     7
       Throwing net      |       |     2 ||     2
 Stab: Sleeping          |     1 |       ||     1
  Eat: Chunk             |     2 |     6 ||     8
Armor: Robe              |    28 |    73 ||   101
Dodge: Dodged            |    68 |    97 ||   165

Table legend:
 A = Non-vault XP
 B = Vault XP
 C = Vault XP percentage of total XP
 D = Non-vault monster count
 E = Vault monster count
 F = Vault count percentage of total count
                 A         B        C        D         E       F
            +---------+---------+-------+---------+---------+-------
      Total |     294 |      37 |  11.2 |      79 |       1 |   1.2
            +---------+---------+-------+---------+---------+-------
        D:1 |      39 |       0 |   0.0 |      24 |       0 |   0.0
        D:2 |     105 |      37 |  26.1 |      37 |       1 |   2.6
        D:3 |     150 |       0 |   0.0 |      18 |       0 |   0.0
            +---------+---------+-------+---------+---------+-------
